 Dungeon Crawl Stone Soup version 0.25-a0-700-g7f8a7979f0 (webtiles) character file.

Game seed: 15988921578312733243, levelgen mode: deterministic

1132 DavidChitty2 the Cleaver (level 8, -1/71 HPs)
             Began as a Hill Orc Fighter on Apr 2, 2020.
             Slain by a sky beast (6 damage)
             ... on level 4 of the Dungeon.
             The game lasted 00:09:08 (5009 turns).

DavidChitty2 the Cleaver (Hill Orc Fighter)         Turns: 5009, Time: 00:09:08

Health: -1/71      AC: 14    Str: 21    XL:     8   Next: 36%
Magic:  8/8        EV:  6    Int:  8    God:
Gold:   299        SH: 11    Dex: 10    Spells: 7/7 levels left

rFire    . . .     SeeInvis .   a - +1 war axe
rCold    . . .     Gourm    .   c - +1 kite shield
rNeg     . . .     Faith    .   h - +0 chain mail
rPois    .         Spirit   .   k - +2 helmet
rElec    .         Reflect  .   (no cloak)
rCorr    .         Harm     .   r - +0 pair of gloves
MR       .....                  (no boots)
Stlth    ..........             (no amulet)
HPRegen  0.21/turn              (no ring)
MPRegen  0.11/turn              (no ring)

@: lethally poisoned (-1 -> -2)
A: no striking features
a: no special abilities


You were on level 4 of the Dungeon.
You were not hungry.

You visited 1 branch of the dungeon, and saw 5 of its levels.
You also visited: Sewer.

You collected 299 gold pieces.

Inventory:

Hand Weapons
 a - a +1 war axe (weapon)
Armour
 c - a +1 kite shield (worn)
 h - a +0 chain mail (worn)
   (You found it in a sewer)
 k - a +2 helmet (worn)
   (You took it off Robin on level 2 of the Dungeon)
 r - a +0 pair of gloves (worn)
   (You found it on level 4 of the Dungeon)
Wands
 s - a wand of clouds (7)
   (You found it on level 4 of the Dungeon)
Scrolls
 f - a scroll of remove curse {@r2}
 g - 2 scrolls of teleportation {@r4}
 i - 4 scrolls of blinking
 j - 2 scrolls of fear
 l - 4 scrolls of identify {@r1}
 p - a scroll of magic mapping
 q - 2 scrolls of enchant weapon
 t - a scroll of fog
Potions
 b - a potion of resistance {unknown}
 d - 2 potions of might
 m - a potion of mutation {!q}
 u - a potion of degeneration {unknown}
Comestibles
 e - 10 rations {!d}


   Skills:
 + Level 6.4 Fighting
 * Level 8.4 Axes
 + Level 5.7 Armour
 + Level 5.6 Shields


You had 7 spell levels left.
You didn't know any spells.
Your spell library was empty.

Dungeon Overview and Level Annotations

Branches:
Dungeon (5/15)              Sewer (visited)
 Temple: D:4-7

Altars:

Shops:
D:4 :}   D:5 }!


Message History

The sky beast hits you but does no damage.
The worker ant bites you.
* * * LOW HITPOINT WARNING * * *
You are more poisoned.
The worker ant poisons you!
You are too injured to fight recklessly!
Unknown command.
You are too injured to fight recklessly!
You are too injured to fight recklessly!
Your chain mail prevents you from hitting the worker ant.
You hit the sky beast. The worker ant closely misses you.
The sky beast hits you but does no damage.
You slash the worker ant!
You kill the worker ant!
You closely miss the sky beast.
You feel sick. The sky beast hits you.
* * * LOW HITPOINT WARNING * * *
The sky beast shocks you.
* * * LOW HITPOINT WARNING * * *
You feel sick.
The sky beast hits you but does no damage.
You see here a worker ant corpse.
Your shield and chain mail prevent you from hitting the sky beast.
You feel sick. The sky beast barely misses you.
You block the sky beast's attack.
You closely miss the sky beast.
The sky beast flickers out of sight!
Deactivating autopickup; reactivate with Ctrl-A.
Something hits you but does no damage.
You hit something but do no damage.
You feel sick.
A sky beast appears from thin air!
Reactivating autopickup.
The sky beast hits you but does no damage.
Your chain mail prevents you from hitting the sky beast.
You feel sick.
The sky beast flickers out of sight!
Deactivating autopickup; reactivate with Ctrl-A.
Something hits you but does no damage.
You completely miss something. Something hits you but does no damage.
You closely miss something.
You feel sick. Something hits you but does no damage.
You miss something. Something hits you.
* * * LOW HITPOINT WARNING * * *
Something shocks you.
* * * LOW HITPOINT WARNING * * *
Something hits you but does no damage.
You miss something.
You feel sick. Something hits you.
* * * LOW HITPOINT WARNING * * *
Something shocks you.
You die...

...######....#........## ##..###.
......##....##.........###..## ##
.................##........## #
....####........#####....^## #
...## ##..##...# ##....# ...#
#..###..## ##...## ...# ##..#
#...# #....# ### ...## #..##
##.>## #....####.. ....## #..#
#.@{## ##.......## .#...###..#
#....# ###..#### .##...##..#
##..### #### .###......## #..##
### ..##.......###..## #.## #
......###........####..# ### #
.....####.........#...## #.# ##
..#...#......#.......## ###.###.
####.........####....#####.#..##.


There were no monsters in sight!

Vanquished Creatures
  Sigmund (D:2)
  A sky beast (D:5)
  A phantom (D:5)
  2 bullfrogs (Sewer)
  A scorpion (D:4)
  4 wights (D:4)
  A centaur zombie (D:4)
  A hound (D:4)
  2 orc wizards
  4 worker ants (D:4)
  A hound zombie (D:5)
  Robin (D:2)
  3 gnolls (D:2)
  6 adders
  A shadow imp (D:5)
  A worm (D:2)
  5 dart slugs
  6 leopard geckos
  10 orcs
  2 ball pythons
  7 bats
  14 giant cockroaches
  15 goblins
  6 hobgoblins
  6 jackals
  4 quokkas
  10 frilled lizards
  A giant cockroach zombie (D:5)
  9 kobolds
  14 rats
140 creatures vanquished.

Notes
Turn   | Place    | Note
-------+----------+-------------------------------------------
     0 | D:1      | DavidChitty2 the Hill Orc Fighter began the quest for the
                  | Orb.
     0 | D:1      | Reached XP level 1. HP: 19/19 MP: 1/1
   184 | D:1      | Reached skill level 3 in Axes
   194 | D:1      | Reached XP level 2. HP: 23/27 MP: 2/2
  1024 | D:2      | Reached XP level 3. HP: 17/33 MP: 3/3
  1297 | D:2      | Noticed Robin
  1500 | D:2      | Reached skill level 4 in Axes
  1510 | D:2      | Killed Robin
  1510 | D:2      | Reached XP level 4. HP: 38/40 MP: 4/4
  1903 | D:2      | Reached XP level 5. HP: 40/47 MP: 5/5
  1940 | D:2      | Noticed Sigmund
  1955 | D:2      | Killed Sigmund
  1955 | D:2      | Reached skill level 5 in Axes
  1955 | D:2      | Reached XP level 6. HP: 30/55 MP: 6/6
  2359 | D:3      | Reached skill level 5 in Fighting
  2779 | D:4      | Reached skill level 6 in Axes
  2788 | D:4      | Found Roeteen's Book Boutique.
  2860 | D:4      | Found a glowing drain.
  2884 | Sewer    | Entered a sewer
  3174 | Sewer    | Reached XP level 7. HP: 53/61 MP: 7/7
  3699 | D:4      | Reached skill level 5 in Armour
  3699 | D:4      | Reached skill level 5 in Shields
  3702 | D:4      | Reached skill level 7 in Axes
  3911 | D:4      | Got a faintly glowing dagger
  4345 | D:4      | Reached XP level 8. HP: 66/70 MP: 8/8
  4574 | D:5      | Entered Level 5 of the Dungeon
  4880 | D:5      | Found Ushru's Distillery.
  4911 | D:5      | Reached skill level 8 in Axes
  4966 | D:5      | Found Foockani's Gadget Shop.
  5009 | D:4      | Slain by a sky beast

Levels and vault maps discovered:
D:1:      heliophobic_arrival_henge, layout_basic
D:2:      layout_rooms, minmay_misc_feat_pillars, uniq_sigmund, uniq_robin
D:3:      layout_rooms, minmay_cut_off
D:4:      layout_layer_cave, first_ration, serial_shops, shop,
          gup_sewer_entry_glass, minmay_goblin_kobold_house
D:5:      lemuel_ice_spiral_2, layout_rooms, nicolae_overflow_quartered_altars,
          chequers_temple_overflow_statue_of_worship,
          minmay_temple_entry_arrows, serial_shops, shop, shop

Skill      XL: |  1  2  3  4  5  6  7  8 |
---------------+-------------------------+-----
Axes           | 3 4 5 6 7 8 |  8.4
Fighting       | 4 5 6 |  6.4
Shields        | 4 5 |  5.6
Armour         | 4 5 |  5.7

Action                   |  1- 3 |  4- 6 |  7- 9 || total
-------------------------+-------+-------+-------++-------
Melee: War axe           |   103 |   168 |   193 ||   464
  Use: Scroll            |       |     3 |     7 ||    10
       Potion            |       |     3 |       ||     3
  Eat: Chunk             |     2 |     6 |     4 ||    12
       Ration            |       |       |     1 ||     1
Armor: Scale mail        |    59 |    66 |    15 ||   140
       Chain mail        |       |       |   107 ||   107
Dodge: Dodged            |    27 |    43 |    45 ||   115
Block: Kite shield       |    61 |    91 |   107 ||   259

Table legend:
 A = Non-vault XP
 B = Vault XP
 C = Vault XP percentage of total XP
 D = Non-vault monster count
 E = Vault monster count
 F = Vault count percentage of total count
                 A         B        C        D         E       F
            +---------+---------+-------+---------+---------+-------
      Total |    1129 |     489 |  30.2 |     101 |      39 |  27.9
            +---------+---------+-------+---------+---------+-------
        D:1 |      38 |       8 |  17.4 |      22 |       4 |  15.4
        D:2 |     101 |     237 |  70.1 |      27 |       7 |  20.6
        D:3 |      89 |       9 |   9.2 |      21 |       4 |  16.0
        D:4 |     603 |      11 |   1.8 |      23 |       6 |  20.7
        D:5 |     298 |       0 |   0.0 |       8 |       0 |   0.0
      Sewer |       0 |     224 | 100.0 |       0 |      18 | 100.0
            +---------+---------+-------+---------+---------+-------
